[Event "GER-ch Youth-U14 2022"]
[Site "Willingen"]
[Date "2022.06.10"]
[Round "8.1"]
[White "Möller, Maurin"]
[Black "Deuer, Marius"]
[Result "1/2-1/2"]
[ECO "B10"]
[WhiteElo "1780"]
[BlackElo "2359"]
[Annotator "TA"]
[PlyCount "114"]
[EventDate "2022.06.05"]
[EventType "swiss"]
[EventRounds "9"]
[EventCountry "GER"]
[SourceTitle "playchess.com"]
[Source "ChessBase"]
[SourceQuality "1"]
[TimeControl "40/4500+30:900+30"]

1. e4 c6 2. c4 d5 3. exd5 cxd5 4. cxd5 Nf6 5. Nc3 Nxd5 6. Nf3 Nc6 7. Bc4 Nb6 8. Bb3 Na5 {[%emt 0:00:00] 8...g6 is the modern continuation. B10: Caro-Kann: 2 d3 and 2 c4.} 9. Bc2 {[%emt 0:00:00] [#]} g6 $146 ({Predecessor:} 9... Bg4 10. d4 e6 11. h3 Bh5 12. Ba4+ Nc6 13. Bb5 Rc8 14. g4 Bg6 15. h4 Bb4 16. Qe2 {½-½ (26) Aaberg,A (2386)-Akesson,J (2325) Sweden 2010}) 10. O-O Bg7 11. d4 O-O 12. h3 {[%emt 0:20:43] Prevents Bg4.} Be6 13. Re1 Rc8 14. Ne2 Nc6 (14... Bd5 {feels hotter.} 15. Ne5 e6 16. Nc3 Nc6) 15. Nf4 Bc4 ({Don't play} 15... Bxd4 16. Nxe6 fxe6 17. Bb3 $16) 16. Be3 Nd5 17. Bb3 Na5 18. Nd3 (18. Nxd5 $15 Qxd5 19. Bxc4 Nxc4 20. Bf4) 18... Nxb3 $19 19. axb3 Bxd3 20. Qxd3 Nb4 $1 21. Qe4 Nc2 22. Rxa7 Nxe1 23. Nxe1 Rc7 24. Nd3 b6 25. Ra6 Rc8 26. Nb4 (26. b4 $17) 26... e6 ({Better is} 26... Qd6 $19 27. d5 (27. Nd5 $2 e6 $17) 27... f5 28. Qe6+ Qxe6 29. dxe6 Rfd8 30. Rxb6 Kf8) 27. d5 exd5 28. Qxd5 Qc7 29. Rxb6 Rfd8 30. Qf3 Ra8 {[%emt 0:00:33][%mdl 1024] ( -> ...Ra1+). Black has strong compensation.} 31. g3 Qd7 (31... Bxb2 $2 32. Rb7 Qxb7 33. Qxb7 $18) 32. Rb7 Qe6 33. Nc6 Re8 (33... Rd6 $15 34. Ne7+ Kh8) 34. Kh2 $11 Ra2 35. Bc5 $1 Rxb2 $2 (35... Bxb2 $11 36. Bd4 Bc1) 36. Re7 $18 Rxf2+ 37. Qxf2 Rxe7 38. Nxe7+ Kh8 39. b4 h5 40. b5 h4 41. g4 Be5+ 42. Kg2 Bf6 43. Qe3 Qxe3 44. Bxe3 Bxe7 {[%emt 0:00:04] KB-KB} 45. Ba7 (45. Kf3 $142 Bd6 46. b6 Kh7 47. Bd4 Kh6 48. Bf6 g5 49. Ke4 Kg6 50. Be5) 45... Kg7 46. Kf3 $2 (46. Bd4+ $18 Kh6 47. b6) 46... Kf6 $11 47. Ke4 {[%emt 0:01:11] Hoping for Kd5.} Ke6 48. Bd4 f5+ 49. gxf5+ gxf5+ 50. Kf4 Bd6+ 51. Kg5 Kd5 {[%emt 0:00:43] [#]} (51... Be7+ $1 $14 52. Kh5 f4) 52. Ba7 (52. Bg1 $1 $16) 52... Ke4 $2 (52... Kc4 $11) 53. Kxh4 $18 Kf3 54. Kg5 (54. Bb6 $142 f4 55. Kg5) 54... f4 55. Bd4 $2 (55. Bb6 $18 {and the rest is easy. Black must now prevent h4.} Kg3 56. h4 Be7+ 57. Kf5 Bxh4 58. Bc7) 55... Kg3 $16 {[%emt 0:02:49] [#]} (55... Ke4 $2 56. Bg1 $18) 56. b6 $2 ({White has to play} 56. h4 $1 $18 {b6 is the strong threat.} Be7+ 57. Kf5 Bxh4 58. Be5 (58. b6 Bd8 $14)) 56... Kxh3 $11 57. b7 f3 {[%emt 0:00:15] Both players deserved the win here.  Weighted Error Value: White=0.50/Black=0.37} 1/2-1/2

[Event "GER-ch Youth-U14 2022"]
[Site "Willingen"]
[Date "2022.06.10"]
[Round "8.2"]
[White "Ermitsch, Magnus"]
[Black "Besou, Hussain"]
[Result "1-0"]
[ECO "B99"]
[WhiteElo "2222"]
[BlackElo "2094"]
[Annotator "TA"]
[PlyCount "57"]
[EventDate "2022.06.05"]
[EventType "swiss"]
[EventRounds "9"]
[EventCountry "GER"]
[SourceTitle "playchess.com"]
[Source "ChessBase"]
[SourceQuality "1"]
[TimeControl "40/4500+30:900+30"]

1. e4 c5 2. Nf3 d6 3. d4 cxd4 4. Nxd4 Nf6 5. Nc3 a6 6. Bg5 e6 7. f4 Be7 8. Qf3 Qc7 9. O-O-O Nbd7 10. g4 b5 11. a3 (11. Bxf6 $5 Nxf6 12. g5 $11) 11... Bb7 {[%emt 0:19:16] B99: Sicilian Najdorf: 6 Bg5 e6 7 f4 Be7 8 Qf3 Qc7 9 0-0-0 Nbd7.} 12. h4 h6 (12... Qb6 $11) 13. Bxf6 $14 Bxf6 {[%emt 0:02:27] [#] White is slightly better.} 14. g5 $146 ({Better is} 14. Bxb5 $1 $14 axb5 15. Ndxb5) ({Predecessor:} 14. Bg2 Rc8 15. g5 hxg5 16. hxg5 Rxh1 17. Bxh1 Bxd4 18. Rxd4 Qc5 19. Rd2 {½-½ (19) MacLeod,A-Kreuzer,C London 2001}) 14... Bxd4 $11 15. Rxd4 {[%emt 0:00:09][%cal Of1b5] And now Bxb5! would win.} e5 (15... Qc5 $11 16. Rd3 b4 17. axb4 Qxb4) 16. Rd1 $16 {[%emt 0:03:28][%cal Of1b5,Bd4d1,Bd1f1,Bf1h1,Bh1h7][%mdl 32] White is more active.} exf4 {[%emt 0:00:05] [#]} (16... Bc6 $16) 17. Qxf4 (17. Bxb5 $1 $18 {[%cal Oh1g1][%mdl 512] Strongly threatening Rhg1!} hxg5 (17... O-O-O 18. Bxd7+) 18. Bxd7+ Qxd7 19. hxg5 Rxh1 20. Rxh1) 17... Ne5 {[%emt 0:00:21] [#]} (17... Qc5 $16 {is a better defense.}) 18. Bxb5+ $1 $18 Kf8 (18... axb5 $142 19. Nxb5 Qe7) 19. Ba4 Qe7 20. Bb3 Rd8 21. Rdf1 hxg5 (21... Rd7 {was necessary.} 22. Kb1 Bc6) 22. hxg5 Rxh1 23. Rxh1 Ng6 {[%emt 0:00:06] Inhibits Rh8+.} 24. Qf5 Qd7 {[%emt 0:01:15] White must now prevent ...Qxf5.} 25. Rh7 Bc8 (25... Ne5 {keeps fighting.} 26. Qf2 (26. Rh8+ Ke7 $18) 26... Qg4 27. Rxg7 Kxg7) 26. Qf3 Qe7 $2 (26... d5 27. Bxd5 Qc7) 27. Qh5 {[%emt 0:01:10][%cal Oh7h8] White threatens Rh8+! and mate.} Qa7 {[%emt 0:07:38] [#]} 28. Kb1 (28. Rh8+ $142 $1 Nxh8 (28... Ke7 29. Nd5+) 29. Qxh8+ Ke7 30. Nd5+ Kd7 31. Ba4+ Ke6 32. Qh3+ Ke5 33. Qg3+ Ke6 34. Qg4+ Ke5 35. Qf4+ Kd4 36. Bb3 Kc5 37. Qe3+ Kb5 38. Qxa7 Rh8 39. Qb6#) 28... Qg1+ 29. Ka2 {[%emt 0:04:08] Weighted Error Value: White=0.27 (precise) /Black=0.91} 1-0

[Event "GER-ch Youth-U14 2022"]
[Site "Willingen"]
[Date "2022.06.10"]
[Round "8.3"]
[White "Haubold, Sebastian Marcel"]
[Black "Sreyas Payyappat"]
[Result "0-1"]
[ECO "B19"]
[WhiteElo "1869"]
[BlackElo "2169"]
[Annotator "TA"]
[PlyCount "70"]
[EventDate "2022.06.05"]
[EventType "swiss"]
[EventRounds "9"]
[EventCountry "GER"]
[SourceTitle "playchess.com"]
[Source "ChessBase"]
[SourceQuality "1"]
[TimeControl "40/4500+30:900+30"]

1. e4 c6 2. d4 d5 3. Nc3 dxe4 4. Nxe4 Bf5 5. Ng3 Bg6 6. Nf3 Nd7 7. h4 h6 8. h5 Bh7 9. Bd3 Bxd3 10. Qxd3 e6 11. Bd2 Ngf6 12. O-O-O Be7 13. Kb1 Qb6 {[%emt 0:00:00] B19: Classical Caro-Kann: 4...Bf5 main line.} 14. c4 O-O 15. Ne4 c5 {[%emt 0:00:00] The position is equal.} 16. Bc3 (16. Ne5 {is more complex.} Rad8 17. Nxf6+ Bxf6 18. Qg3) 16... Rfd8 {[%emt 0:00:00] [#]} 17. Qc2 $146 ({Predecessor:} 17. Nxf6+ Bxf6 18. g4 e5 19. dxc5 Nxc5 20. Qc2 Qe6 21. Rde1 Nd3 22. Re3 e4 23. Bxf6 Qxf6 {0-1 (34) Abrahamyan,T (2377)-Muzychuk,M (2560) Astana 2019}) 17... Qa6 (17... cxd4 $15 18. Bxd4 Qc6 19. Nxf6+ Nxf6) 18. dxc5 $11 Qxc4 19. Rd4 (19. Bxf6 $11 Qxc2+ 20. Kxc2 Nxf6 21. Nxf6+ Bxf6 22. Rxd8+ Rxd8 23. b4) 19... Qb5 {[%emt 0:01:04] Black keeps a firm grip on the game.} 20. Nd6 Bxd6 21. cxd6 Rac8 22. a4 Qc6 23. Qe2 (23. Rc1 $17) 23... Nd5 $19 24. Rc1 Qxd6 25. Bd2 Rxc1+ 26. Bxc1 Nc5 27. Ne5 (27. Rg4 $142 f5 28. Rc4) 27... Nb3 {[%emt 0:02:13] Pair of Knights!} 28. Rg4 (28. Rc4 {is a better defense.}) 28... Nxc1 29. Kxc1 Nb4 ({Wrong is} 29... Ne3 $2 30. fxe3 Qxe5 31. Kb1 $19) 30. Nc4 Qc6 31. b3 b5 32. axb5 Qxb5 {[%emt 0:00:09] [#] Threatens to win with ...Qa6.} 33. Rg3 Qf5 34. Ne5 Rd5 35. Re3 {[%emt 0:00:19] [#]} Rxe5 $1 {[%emt 0:00:09][%mdl 512] Weighted Error Value: White=0.69/Black=0.15 (very precise)} 0-1

[Event "GER-ch Youth-U14 2022"]
[Site "Willingen"]
[Date "2022.06.10"]
[Round "8.4"]
[White "Honisch, Alexander"]
[Black "Hagner, Bennet"]
[Result "1-0"]
[ECO "C70"]
[WhiteElo "1878"]
[BlackElo "2186"]
[Annotator "TA"]
[PlyCount "115"]
[EventDate "2022.06.05"]
[EventType "swiss"]
[EventRounds "9"]
[EventCountry "GER"]
[SourceTitle "playchess.com"]
[Source "ChessBase"]
[SourceQuality "1"]
[TimeControl "40/4500+30:900+30"]

1. e4 e5 2. Nf3 Nc6 3. Bb5 a6 4. Ba4 b5 5. Bb3 Na5 6. Nxe5 Nxb3 7. axb3 {[%emt 0:00:00][%cal Oe5f7] Nxf7! is the strong threat.} Qg5 {[%emt 0:00:00] C70: Ruy Lopez: 3...a6 4 Ba4, Norwegian and Delayed Schliemann.} 8. Nf3 Qxg2 9. Rg1 Qh3 {[%emt 0:00:00] The position is equal.} 10. d3 {[%emt 0:05:22] [#]} Bb7 $146 ({Predecessor:} 10... Ne7 11. Bf4 d6 12. Rg3 Qd7 13. Nc3 Bb7 14. Qe2 O-O-O 15. O-O-O g6 16. Qd2 h6 {1-0 (57) Munoz Pantoja,M (2452)-Narciso Dublan,M (2550) Mollet del Valles 2016}) 11. Be3 h6 12. Qe2 f5 13. Nbd2 fxe4 14. Nxe4 O-O-O $1 15. O-O-O Qh5 {[%emt 0:10:57] Against Ne5} 16. Nd4 Qf7 17. Qg4 Kb8 18. Rde1 Ne7 19. Kb1 Nd5 20. Nf5 Nxe3 21. fxe3 d5 22. Nd2 g5 23. Rgf1 Qe6 24. e4 dxe4 25. Nxe4 Qb6 {[%emt 0:01:06] Against Ned6} 26. h4 Rg8 27. hxg5 hxg5 28. Nfg3 (28. Nxg5 Qg6 29. Rg1 Bc8 $17) 28... a5 {[%emt 0:01:38] [#]} (28... Bc8 $11 29. Qe2 g4) 29. Rf6 (29. Nxg5 Bh6 30. Re5 Rd5 $17) (29. Nf6 $1 $16 Rg7 30. Re8 Rxe8 31. Nxe8) 29... Qa7 30. Qf5 ({Don't play} 30. Nxg5 a4 31. Rf5 (31. bxa4 bxa4 32. Rf5 a3 $15) 31... axb3 32. cxb3 Qb6 $17) 30... Bg7 31. Rg6 Qd4 32. Nc3 $36 {[%emt 0:00:31][%mdl 2048] Black is under pressure. Active counter play! Pair of Knights!} b4 33. Nd1 a4 34. bxa4 b3 35. cxb3 Qxd3+ (35... Qb4 $1 $11 {remains equal.} 36. Qe6 Bd5) 36. Qxd3 $16 Rxd3 37. Nf5 (37. Rxg5 $18 Rdd8 38. Ka2) 37... Rgd8 {[%emt 0:01:50] [#]} 38. Rxg7 (38. Nf2 $1 $16 Rf3 39. Nxg7 Rxf2 40. Ne6 (40. Rxg5 Rdd2 $11)) 38... Rxd1+ $14 39. Rxd1 Rxd1+ $16 {[%emt 0:00:18][%mdl 4096] Endgame KRB-KRN} 40. Kc2 Rg1 {[%emt 0:01:37] aiming for ...Be4+.} 41. Kd3 {[%emt 0:00:00] Prevents Be4+.} g4 42. b4 Bf3 (42... Rd1+ $14 43. Ke3 Rb1) 43. b5 Rd1+ (43... Bd5 $16 44. Rg5 Ra1) 44. Kc3 $18 Be4 45. Rg5 (45. Nd4 $18 {has better winning chances.}) 45... Kb7 (45... Re1 $16 46. Nh6 Rc1+ 47. Kb4 Rb1) 46. Nd4 Rg1 47. a5 Rg2 $2 (47... g3 48. Ne2 Ra1 49. Nxg3 Bf3) 48. Ne6 {[%emt 0:00:39] Black must now prevent Nc5+.} Bf3 49. Rg7 (49. Nc5+ $142 Ka7 50. Rg7 Bb7 51. Rxc7 Rg3+ 52. Kd4 Rg1 53. b6+ Kb8 54. Rxb7+ Kc8 55. Rg7) 49... Kb8 50. a6 (50. Nxc7 $142 Re2 51. Na6+ Kc8 52. Nc5) 50... Rg1 51. Kd4 (51. Kb4 $18) 51... g3 $2 (51... Rc1 $16 52. Kd3 Ka7) 52. Rxc7 $2 (52. Nxc7 $18 {Threatens to win with b6.} Rd1+ 53. Ke3) 52... Rd1+ $11 53. Ke5 {[%emt 0:00:31] White wants to mate with b6.} g2 $2 (53... Re1+ $15 54. Kf4 Rxe6) 54. a7+ Ka8 55. b6 {[%emt 0:00:22] White mates.} g1=Q 56. Rc8+ Kb7 57. a8=Q+ Kxb6 58. Rb8+ {Weighted Error Value: White=0.40/Black=0.57} 1-0

[Event "GER-ch Youth-U14 2022"]
[Site "Willingen"]
[Date "2022.06.10"]
[Round "8.5"]
[White "Klaska, Philipp Leon"]
[Black "Udelnov, Valentin"]
[Result "1-0"]
[ECO "D01"]
[WhiteElo "1946"]
[BlackElo "1901"]
[Annotator "TA"]
[PlyCount "107"]
[EventDate "2022.06.05"]
[EventType "swiss"]
[EventRounds "9"]
[EventCountry "GER"]
[SourceTitle "playchess.com"]
[Source "ChessBase"]
[SourceQuality "1"]
[TimeControl "40/4500+30:900+30"]

1. d4 Nf6 2. Nc3 d5 3. Bg5 Ne4 4. Nxe4 dxe4 5. Qd2 h6 6. Bh4 {[%emt 0:00:00] D01: Veresov Opening.} g5 7. Bg3 Bg7 8. O-O-O {[%emt 0:00:00] The position is equal.} c6 (8... Qd5 $11 {remains equal.}) 9. h4 {[%emt 0:02:09] [#]} Qd5 $146 ({Predecessor:} 9... e6 10. f3 Qd5 11. Kb1 e3 12. Qxe3 c5 13. Qc1 cxd4 14. e4 Qa5 15. hxg5 hxg5 16. Rxh8+ Bxh8 {1-0 (26) Tofil,B (2148)-Wojciechowski,P (2228) Rewal 2007}) 10. b3 b5 11. f3 g4 12. fxe4 Qxe4 13. e3 Bf5 (13... Qh7 $142) 14. Bd3 Qd5 15. Bxf5 (15. Be5 $142 Bxd3 16. Bxg7) 15... Qxf5 $16 16. Ne2 Nd7 17. Rhf1 Qe6 (17... Qg6 $16 {was necessary.}) 18. Nf4 $1 $18 Qe4 19. Nd3 (19. Nh5 $16 O-O 20. Qe2) 19... O-O $11 20. Rf4 Qg6 21. Qe2 h5 22. Rdf1 ({White should play} 22. Rff1 $14) 22... Bh6 (22... f5 $11) 23. Rf5 $14 e6 24. Ne5 $1 Nxe5 25. Rxe5 {[%emt 0:00:55] With the idea Bf4.} (25. Rf6 $5 ) 25... Rfe8 (25... Rad8 $11 {keeps the balance.}) 26. Bf4 f6 27. Rc5 Rac8 {[%emt 0:01:17] [#]} 28. Bxh6 Qxh6 29. Rf4 {[%emt 0:01:36][%cal Oc5h5] Threatens to win with Rxh5!} Qg6 {[%emt 0:02:12] [#] Black cannot hold the game after this.} (29... f5 $16) 30. Rxh5 $3 $18 Qxh5 31. Rxg4+ Kf7 {[%emt 0:00:19] [#] White must now prevent ...Rh8.} 32. Rg7+ $3 {[%emt 0:00:07][%mdl 576] Skewer, Discovered Attack} Kxg7 33. Qxh5 {[%emt 0:00:05][%mdl 4096] Endgame KQ-KRR} Rh8 34. Qc5 Rc7 35. Qd6 Rhc8 36. Qxe6 a5 37. g4 a4 38. h5 axb3 39. axb3 Rf8 40. e4 Rff7 41. e5 {[%emt 0:16:35] aiming for exf6+.} fxe5 42. dxe5 {[%emt 0:00:12][%cal Bd4e5,Be5e6][%mdl 32] And now g5 would win.} c5 43. Qg6+ (43. g5 $142) 43... Kf8 44. Qd6+ Kg7 45. e6 Rf1+ 46. Kb2 Ra7 47. Qxc5 Raa1 48. Qxb5 (48. Qg5+ $142 Kh7 49. Qg6+ Kh8 50. e7 Rab1+ 51. Kc3 Rbe1 52. e8=Q+ Rxe8 53. Qxe8+ Kh7 54. Qg6+ Kh8 55. Qe8+ Kg7 56. g5) 48... Rab1+ 49. Ka3 {[%emt 0:00:00] White mates.} Ra1+ 50. Kb4 Rae1 51. g5 Re4+ 52. Ka3 Rfe1 53. Qd7+ Kh8 54. h6 {[%emt 0:00:00] Weighted Error Value: White=0.18 (very precise) /Black=0.48} 1-0

[Event "GER-ch Youth-U14 2022"]
[Site "Willingen"]
[Date "2022.06.10"]
[Round "8.6"]
[White "Campora, Daniel H."]
[Black "Kocharin, Timur"]
[Result "1/2-1/2"]
[ECO "E20"]
[WhiteElo "2397"]
[BlackElo "1867"]
[Annotator "TA"]
[PlyCount "117"]
[EventDate "2022.06.05"]
[EventType "swiss"]
[EventRounds "9"]
[EventCountry "GER"]
[SourceTitle "playchess.com"]
[Source "ChessBase"]
[SourceQuality "1"]
[TimeControl "40/4500+30:900+30"]

1. d4 Nf6 2. c4 e6 3. Nc3 Bb4 4. f3 Nc6 5. Bg5 d6 {[%emt 0:00:00] [#]} 6. e3 $146 {[%emt 0:00:00] E20: Nimzo-Indian: 4 g3 and 4 f3.} ({Predecessor:} 6. e4 e5 7. a3 Bxc3+ 8. bxc3 a6 9. Be3 Nd7 10. f4 O-O 11. f5 exd4 12. Bf4 dxc3 13. Nf3 Re8 14. Bd3 Nc5 15. O-O Nxe4 16. Qc1 Qf6 17. g4 Nd4 18. Bxe4 Ne2+ {0-1 (18) Mohamad,J (2226)-Riff,V (2110) Condom 2003}) 6... h6 (6... Bxc3+ $5 7. bxc3 h6 8. Bxf6 Qxf6 $11) 7. Bh4 e5 8. a3 (8. Nge2 $14) 8... Bxc3+ $11 9. bxc3 Qe7 10. e4 b6 11. c5 dxc5 12. Bb5 Bd7 13. d5 Na5 14. Bxd7+ Qxd7 ({But not} 14... Kxd7 $6 15. Ne2 $11) 15. Bxf6 gxf6 16. Ne2 Nb7 17. g4 (17. Ng3 $15) 17... Nd6 (17... h5 $17 18. gxh5 f5 19. exf5 Rxh5) 18. Ng3 $1 $15 Qb5 19. Qd2 (19. Qc2 $11) 19... Nc4 (19... O-O-O $17) 20. Qe2 Qb2 (20... Qb3 $15 21. Qd3 Nxa3) 21. Qxb2 $11 Nxb2 22. Kd2 Nc4+ 23. Kd3 Nd6 24. c4 Rg8 25. a4 Kd7 26. Rhg1 a6 27. Ne2 Rae8 28. Rg3 Rb8 29. Rh3 {[%emt 0:01:12] [#]} (29. Nc3 $15) 29... Rg6 (29... b5 $1 $17 30. cxb5 axb5) 30. Nc3 Kc8 31. Rb1 Kb7 32. Rh5 Kc8 33. Rg1 Kd7 34. Rg3 Rh8 35. Rgh3 Nc8 36. Nd1 Ne7 37. Ne3 c6 $1 38. Nf5 cxd5 39. exd5 Nxf5 40. gxf5 Rg5 41. Rxg5 fxg5 {[%emt 0:15:03][%mdl 4096] Endgame KR-KR} 42. f6 $1 Kd6 {[%emt 0:03:18][%cal Ob6b5] White must now prevent ...b5!} 43. Ke4 $1 Rh7 44. Rh5 Rh8 45. h4 $2 (45. Rh3 $11) 45... gxh4 $19 46. Rxh4 (46. Rxe5 {is the only way for White.} Rb8 47. Rh5) 46... h5 47. Kf5 Rh6 $2 (47... b5 $1 $19 48. cxb5 axb5 49. axb5 Kxd5) 48. Rh1 $2 (48. Kg5 $17 Rh8 49. Rh1) 48... h4 {[%emt 0:00:00] And now ...h3 would win.} 49. Rb1 h3 50. Rxb6+ Kc7 51. Rb1 {[%emt 0:00:00] [#]} h2 $2 ({Black should play} 51... Rh4 $1 $19 52. Rh1 Kd6) 52. Rh1 $15 Kd6 53. a5 $1 Rh8 (53... Rh4 $5 54. Kg5 Rxc4 55. Rxh2 Rb4 $15) 54. Kg4 {[%emt 0:00:00] Prevents Rh4+. The position is equal.} Rh6 55. Kg3 Rxf6 56. Rxh2 {[%emt 0:00:00] Rh4 is the strong threat.} Rf4 57. Rh6+ f6 58. Rh4 Rd4 59. Rh6 {[%emt 0:00:00] Black had all chances to win.  Weighted Error Value: White=0.29 (precise) /Black=0.23 (precise)} 1/2-1/2

[Event "GER-ch Youth-U14 2022"]
[Site "Willingen"]
[Date "2022.06.10"]
[Round "8.7"]
[White "Torosyan, Bagrat"]
[Black "Haubold, Christian Lucas"]
[Result "1/2-1/2"]
[ECO "C50"]
[WhiteElo "1683"]
[BlackElo "1921"]
[Annotator "TA"]
[PlyCount "82"]
[EventDate "2022.06.05"]
[EventType "swiss"]
[EventRounds "9"]
[EventCountry "GER"]
[SourceTitle "playchess.com"]
[Source "ChessBase"]
[SourceQuality "1"]
[TimeControl "40/4500+30:900+30"]

1. e4 e5 2. Nf3 Nc6 3. Bc4 Nf6 4. d3 Bc5 5. c3 d6 6. h3 a6 7. Bb3 Ba7 8. Nbd2 h6 {[%emt 0:00:00] C54: Giuoco Piano: 4 c3 Nf6, main lines with 5 d4 and 5 d3.} 9. Nf1 g5 10. Be3 Qe7 {[%emt 0:03:51] White is slightly better.} 11. Bxa7 (11. Ba4 $16) 11... Nxa7 $14 12. Ne3 Be6 {[%emt 0:02:03] [#]} 13. Qc2 $146 ({Predecessor:} 13. Ba4+ Bd7 14. Bxd7+ Qxd7 15. c4 Nc6 16. Nc2 Nh7 17. g4 Nf8 18. Ne3 Ne6 19. Nd5 {0-1 (44) Bui,B (1656)-Roehr,O (1453) Willingen 2015}) 13... O-O-O 14. O-O-O d5 (14... Kb8 $11 {keeps the balance.}) 15. Nxe5 dxe4 16. d4 c5 $1 17. Bxe6+ (17. h4 {looks sharper.} gxh4 18. Kb1 cxd4 19. cxd4+ Kb8 20. Bxe6 Qxe6 21. Qb3) 17... Qxe6 18. Qb3 Nd5 $2 {[%emt 0:19:00] [#]} ({But not} 18... Qxb3 19. axb3 cxd4 20. Nf5 (20. Rxd4 Rxd4 21. cxd4 Nc6 $14) (20. cxd4 Rhf8 $14)) (18... cxd4 $1 $14 19. cxd4 (19. Qxe6+ fxe6 20. Rxd4 Rxd4 $11) 19... Qxb3 20. axb3 Rhf8) 19. Nxf7 $1 Qxf7 20. dxc5 Qxf2 (20... Qf4 $142) 21. Nxd5 $18 Qxc5 22. Rhe1 (22. Nb6+ $1 $18 {is the precise move to win.} Kc7 23. Nd7 $1) 22... Nc6 $16 23. Rxe4 Na5 {[%emt 0:01:01] [#]} 24. Ne7+ (24. Qb6 $142 $1 Qxb6 25. Nxb6+ Kc7 26. Nd5+ Kb8 27. Ne7) 24... Qxe7 25. Rxe7 Nxb3+ 26. axb3 Rhf8 27. Rxd8+ Kxd8 {[%emt 0:00:57][%mdl 4096] Endgame KR-KR} (27... Rxd8 $16 {was worth a try.} 28. b4 Rd3) 28. Re6 ({White must play} 28. Rxb7 $18 {Hoping for Rb8+.} Rf1+ 29. Kc2) 28... Rf1+ 29. Kc2 Rf2+ 30. Kb1 {[%emt 0:00:06] aiming for g4.} h5 31. Re5 Rxg2 {[%emt 0:00:18] The position is equal.} 32. h4 Rg4 ({Of course not} 32... gxh4 $6 33. Rxh5 Rh2 34. Rh7 $15) 33. hxg5 h4 {[%emt 0:00:07] White must now prevent ...h3.} 34. g6 Rxg6 {[%emt 0:00:42] ...Rh6 is the strong threat.} 35. Rh5 {[%emt 0:00:07] Against Rh6} Rg4 36. Rh7 Kc8 37. Ka2 Kb8 38. c4 Ka7 39. Ka3 Kb6 40. Rh5 Ka7 41. Kb4 Kb6 {Black defended with fortune.  Weighted Error Value: White=0.25 (precise) /Black=0.26 (precise)} 1/2-1/2

[Event "GER-ch Youth-U14 2022"]
[Site "Willingen"]
[Date "2022.06.10"]
[Round "8.8"]
[White "Krüger, Arthur"]
[Black "Kempe, Caius Emilian"]
[Result "1-0"]
[ECO "C12"]
[WhiteElo "1988"]
[BlackElo "1973"]
[Annotator "TA"]
[PlyCount "91"]
[EventDate "2022.06.05"]
[EventType "swiss"]
[EventRounds "9"]
[EventCountry "GER"]
[SourceTitle "playchess.com"]
[Source "ChessBase"]
[SourceQuality "1"]
[TimeControl "40/4500+30:900+30"]

1. e4 e6 2. d4 d5 3. Nc3 Nf6 4. Bg5 Bb4 5. e5 h6 6. Bd2 Bxc3 7. bxc3 Ne4 8. Bc1 c5 {[%emt 0:04:35] C12: French: Classical System: McCutcheon Variation.} 9. Bd3 (9. Ne2 $142 $1) 9... Nxc3 $11 10. Qg4 Kf8 {[%emt 0:11:14] Black has an edge.} 11. Bd2 Ne4 12. Bxe4 dxe4 {[%emt 0:00:01] [#]} 13. dxc5 $146 ({Predecessor:} 13. Ne2 cxd4 14. Qxe4 Nc6 15. Nf4 Qc7 16. Nd3 b6 17. O-O Bb7 18. Rfe1 Rd8 19. Qh4 {0-1 (43) Blazkova,P (2227)-Zier,O (2052) Karlovy Vary 2009}) 13... Qd4 14. Rd1 Nc6 15. Ne2 Qxe5 (15... Qxc5 $15 16. Qxe4 Qxe5) 16. Bc3 Qg5 17. Qxe4 f6 (17... Kg8 $11) 18. O-O $16 Kf7 19. Qc4 $36 {[%emt 0:09:48][%mdl 2048] White has some pressure. White is more active.} Re8 (19... Qg6 $14) 20. f4 Qf5 {[%emt 0:02:03] [#]} (20... Qg4 $16 {was necessary.}) 21. Ng3 $1 $18 Qxc2 22. Ne4 Rd8 23. Nd6+ Kg8 (23... Kf8 $142 24. Rfe1 Rxd6 25. Rxd6 (25. cxd6 Bd7 $16) 25... Na5) 24. Rd2 Qg6 25. f5 $1 Qg5 (25... Qh5 $142 26. fxe6 Kh7 27. Bxf6 Rg8) 26. fxe6 $2 (26. Rd3 $18) 26... Qe3+ $15 27. Rff2 Bxe6 28. Qe2 Qxc3 (28... Qxe2 $1 $15 29. Rfxe2 Bc8) 29. Qxe6+ $11 Kh7 {[%emt 0:00:03] Threatens to win with ...Qc1+.} 30. Rc2 {[%emt 0:04:27] Inhibits Qc1+.} (30. Qf5+ $11 {remains equal.} Kg8 31. Qd5+ Kh7 32. Qf5+ Kg8 33. Qd5+ Kh7 34. Qf5+) 30... Qa1+ 31. Rf1 Qd4+ 32. Kh1 $1 Qd3 (32... Ne5 $15 33. Nxb7 Qe4 34. Nxd8 Qxc2) 33. Rcc1 ({White should play} 33. Rcf2 $1 $11) 33... b6 $2 (33... Ne5 $1 $15 {keeps the upper hand.}) 34. Rfd1 $16 Qa3 {[%emt 0:01:28][%mdl 8192] A mistake that costs the game.} (34... Nd4 $2 35. Qg4 (35. Rxd3 Nxe6 36. c6 Nc7 $11) 35... Qe3 36. Qxd4) (34... Qg6 $16 {is more resistant.}) 35. Qe4+ $18 Kg8 36. Qxc6 bxc5 37. Qd5+ Kh7 38. Rxc5 Rab8 (38... Qe3 $142 39. Qf5+ Kg8) 39. Qe4+ Kg8 40. Rcd5 Qxa2 41. Qe6+ Kh7 42. Qf5+ Kg8 43. Qg6 {[%emt 0:01:41][%cal Od6f5] Threatening mate with Nf5!} Rd7 {[%emt 0:03:03] [#]} 44. Ne8 $1 {[%emt 0:00:00][%cal Bd6e8,Be8g7,Bg7e6][%mdl 32] White mates.} Rf7 {[%emt 0:00:00] [#]} 45. Nxg7 $1 Qxd5 46. Ne6+ {[%emt 0:00:00] Weighted Error Value: White=0.24 (precise) /Black=0.75} 1-0